Map: Terrasses de Prion

Players

Worming

  • Race: Zerg Zerg
  • League: Diamond

GrumpySmurf - Winner!

  • Race: Zerg Zerg
  • League: Diamond

VOD

Have the link to the VOD?

Description

Time

  • Played on: Nov. 26, 2015, 2:18 p.m.
  • Length: 9:53
Show
View Real Time Build Order
Export as new Build Order

Worming Zerg 

Build Orders: Pool First 

Get SALT Encoding   

  12  0:12  Drone x2  
  14  0:23  Drone, Extractor  
  14  0:24  Drone, Extractor  
  16  0:36  Spawning Pool  
  15  0:42  Extractor  
  15  0:44  Drone, Extractor  
  16  1:04  Hatchery  
  16  1:09  Overlord  
  15  1:19  Extractor  
  14  1:26  Queen  
  14  1:27  Zergling x2  
  14  1:29  Drone  
  18  1:33  Drone  
  18  1:39  Drone  
  20  1:49  Drone  
  21  2:04  Overlord  
  21  2:10  Drone  
  22  2:15  Queen  
  22  2:18  Drone  
  25  2:25  Metabolic Boost  
  25  2:38  Overlord  
  25  2:43  Drone x4, Spine Crawler  
  28  2:57  Zergling x4  
  30  2:58  Baneling Nest  
  29  3:12  Overlord  
  29  3:17  Zergling x4  
  31  3:20  Drone x3  
  34  3:27  Drone x3  
  34  3:28  Drone  
  34  3:33  Zergling x2  
  39  3:35  Zergling x2  
  40  3:42  Drone x2  
  40  3:45  Zergling x4  
  44  3:53  Baneling x7  
  36  4:32  Lair  
  36  4:35  Evolution Chamber  
  36  4:36  Extractor  
  36  4:37  Hatchery  
  33  4:40  Drone x8  
  33  4:45  Spine Crawler  
  40  4:47  Spine Crawler  
  40  4:50  Roach Warren  
  38  4:52  Overlord  
  38  5:05  Zerg Missile Weapons Level 1  
  38  5:08  Drone x3, Extractor  
  38  5:09  Overlord  
  40  5:14  Drone x3  
  43  5:27  Overlord  
  43  5:30  Roach x5  
  53  5:42  Roach x3  
  59  5:53  Glial Reconstitution  
  59  6:00  Roach, Extractor  
  59  6:01  Roach x2  
  64  6:06  Queen  
  65  6:26  Drone x8  
  65  6:32  Overlord x4  
  73  6:38  Overseer  
  73  6:39  Overlord  
  73  6:50  Drone x7  
  80  6:56  Ravager x6  
  80  7:01  Drone x3  
  89  7:18  Extractor  
  89  7:19  Drone x3, Extractor  
  89  7:20  Zerg Missile Weapons Level 2, Overlord x2  
  90  7:24  Spore Crawler  
  90  7:26  Spore Crawler  
  90  7:29  Queen x2  
  88  7:31  Spore Crawler  
  88  7:32  Spore Crawler  
  88  7:34  Spore Crawler  
  88  7:36  Spore Crawler  
  66  7:59  Roach x8  
  66  8:00  Roach  
  84  8:06  Hydralisk Den  
  83  8:16  Queen  
  83  8:17  Queen  
  87  8:23  Spore Crawler  
  87  8:25  Spore Crawler  
  74  8:39  Spore Crawler  
  73  8:48  Hydralisk x6  
  75  8:52  Pneumatized Carapace, Hydralisk  
  87  8:58  Hydralisk  
  87  8:59  Hydralisk  
  91  9:09  Hydralisk x3  
  95  9:21  Hydralisk x3  
Show
View Real Time Build Order
Export as new Build Order

GrumpySmurf Zerg - Winner!

Build Orders: Hatch First 

Get SALT Encoding   

  12  0:01  Drone  
  13  0:12  Overlord  
  13  0:17  Drone  
  14  0:32  Drone x2  
  16  0:36  Drone  
  17  0:54  Drone, Hatchery  
  17  0:57  Drone  
  18  1:12  Spawning Pool  
  18  1:13  Drone  
  18  1:25  Drone  
  19  1:29  Drone  
  19  1:30  Extractor  
  19  1:39  Drone  
  20  1:50  Drone  
  21  1:59  Queen, Roach Warren  
  21  2:00  Overlord  
  22  2:07  Queen  
  24  2:11  Overlord  
  24  2:13  Drone  
  25  2:18  Zergling x2  
  26  2:42  Queen  
  26  2:44  Drone x5  
  30  2:51  Lair, Extractor  
  32  3:02  Drone x2  
  32  3:03  Drone  
  35  3:09  Overlord  
  35  3:19  Drone  
  36  3:27  Metabolic Boost  
  36  3:28  Overlord  
  36  3:31  Drone x2  
  36  3:32  Drone x3  
  41  3:36  Roach  
  43  3:46  Roach  
  45  3:50  Queen, Spine Crawler  
  46  4:02  Roach x3  
  51  4:22  Extractor  
  51  4:23  Extractor  
  49  4:30  Drone x4  
  52  4:40  Spire  
  52  4:41  Drone  
  52  4:43  Overlord x3  
  52  4:46  Extractor  
  51  5:01  Drone x7  
  58  5:07  Drone  
  58  5:12  Drone  
  60  5:14  Drone  
  60  5:15  Drone  
  62  5:31  Drone  
  62  5:32  Hatchery, Overlord x2  
  62  5:34  Zergling x6  
  65  5:39  Overseer  
  65  5:47  Drone x2  
  67  5:54  Mutalisk x6  
  67  5:56  Extractor  
  78  5:58  Zerg Flyer Weapons Level 1  
  78  6:01  Extractor  
  77  6:10  Drone x3  
  80  6:13  Drone x3  
  83  6:21  Zergling x2  
  83  6:22  Zergling x8  
  88  6:30  Drone  
  89  6:33  Mutalisk  
  89  6:38  Overseer  
  91  6:46  Mutalisk x3  
  97  6:54  Zergling x2  
  97  6:57  Overlord x4  
  98  7:15  Drone  
  98  7:16  Drone x7  
  106  7:30  Mutalisk x5  
  106  7:35  Zergling x2  
  106  7:36  Zergling x10  
  120  7:49  Zergling x10  
  111  8:00  Mutalisk  
  111  8:01  Mutalisk x4  
  121  8:18  Overlord x2  
  121  8:19  Hatchery, Overlord x3  
  120  8:21  Extractor  
  120  8:22  Extractor  
  118  8:34  Overseer  
  118  8:39  Mutalisk x2  
  118  8:40  Mutalisk x6  
  134  8:54  Evolution Chamber  
  133  8:56  Evolution Chamber  
  132  9:07  Mutalisk x3  
  132  9:17  Zergling x2  
  132  9:18  Zergling x16  
  135  9:33  Drone x4  
  135  9:34  Drone x2  
  135  9:35  Zergling x8  
Tags
 
Add a new tag
Caveats
  • Supply blocks, unpowered buildings, or Contaminate may cause inaccurate times.
  • Supply counts are checked every 10 seconds.